 Dungeon Crawl Stone Soup version 0.31-a0-1522-g43313d8a59 (webtiles) character file.

Game seed: 11270289873584489901

421 SolCadguy the Conjurer (level 6, -2/45 HPs)
             Began as a Draconian Hedge Wizard on Dec 30, 2023.
             Slain by a killer bee (6 damage)
             ... on level 5 of the Dungeon.
             The game lasted 00:13:12 (3527 turns).

SolCadguy the Conjurer (Draconian Hedge Wizard)     Turns: 3527, Time: 00:13:13

Health: -2/45      AC:  6    Str: 15    XL:     6   Next: 62%
Magic:  10/19      EV: 12    Int: 14    God:
Gold:   208        SH:  0    Dex: 10    Spells: 4/11 levels left

rFire   . . .        q - +1 short sword (elec)
rCold   . . .        (no shield)
rNeg    . . .        (body armour unavailable)
rPois   .            b - +0 hat
rElec   .            (no cloak)
rCorr   .            (no gloves)
SInv    .            (no boots)
Will    .....        g - amulet of the acrobat
Stlth   ++           k - ring of magical power
HPRegen 0.27/turn    (no ring)
MPRegen 0.16/turn

%: acrobat
@: no status effects
A: AC +6, unfitting armour, cold-blooded
a: no special abilities


You were on level 5 of the Dungeon.
You visited 1 branch of the dungeon, and saw 5 of its levels.

You collected 208 gold pieces.

Inventory:

Hand Weapons
 a - a +0 dagger
 f - a +0 dagger
 q - a +1 short sword of electrocution (weapon)
Armour
 b - a +0 hat (worn)
Jewellery
 g - an amulet of the acrobat (around neck)
 k - a ring of magical power (left hand)
Talismans
 j - a blade talisman
Scrolls
 d - a scroll of torment
 h - a scroll of amnesia
 i - a scroll of fear
 l - a scroll of enchant weapon {unknown}
 m - a scroll of immolation {unknown}
 r - a scroll of noise {unknown}
 t - a scroll of teleportation {unknown}
 u - a scroll of fog {unknown}
Potions
 c - a potion of magic
 e - a potion of enlightenment
 o - a potion of invisibility {unknown}
 p - a potion of might
 s - a potion of degeneration {unknown}
 v - a potion of ambrosia {unknown}


   Skills:
 + Level 3.5 Short Blades
 - Level 1.7 Dodging
 - Level 1.7 Stealth
 - Level 3.0 Spellcasting
 + Level 5.7 Conjurations
 - Level 1.0 Summonings
 - Level 1.0 Translocations


You had 4 spell levels left.
You knew the following spells:

 Your Spells              Type           Power      Damage    Failure   Level
a - Magic Dart            Conj           72%        1d6       1%          1
b - Blink                 Tloc           8%         N/A       22%         2
c - Call Imp              Summ           8%         N/A       22%         2
d - Momentum Strike       Conj/Tloc      22%        3d8       9%          2

Your spell library contained the following spells:

 Spells                   Type           Power      Damage    Failure   Level
 Hailstorm                Conj/Ice       10%        3d6       21%         3
 Stone Arrow              Conj/Erth      20%        3d8       21%         3
 Sandblast                Erth           4%         2d4       22%         1
 Slow                     Hex            8%         N/A       22%         1
 Lesser Beckoning         Tloc           8%         N/A       22%         2
 Mephitic Cloud           Conj/Alch/Air  7%         N/A       28%         3
 Cigotuvi's Dreadful Rot  Necr/Alch/Air  4%         N/A       32%         2
 Gell's Gravitas          Tloc           4%         N/A       38%         3
 Teleport Other           Tloc           4%         N/A       38%         3
 Summon Ice Beast         Ice/Summ       3%         N/A       45%         3
 Passwall                 Erth           2%         N/A       54%         3
 Brom's Barrelling Bould  Conj/Erth      10%        2d3       54%         4
 Summon Lightning Spire   Summ/Air       3%         N/A       86%         4
 Lee's Rapid Deconstruct  Erth           1%         3d4*      99%         5
 Sculpt Simulacrum        Ice/Alch       1%         N/A       100%        6
 Animate Armour           Summ/Erth      Unusable   N/A       N/A         4

Dungeon Overview and Level Annotations

Branches:
Dungeon (5/15)
 Temple: D:4-7

Altars:
Kikubaaqudgha

Shops:
D:1 !   D:2 =


Innate Abilities, Weirdness & Mutations

Your plain brown scales are hard. (AC +6)
You cannot fit into any form of body armour.
You are cold-blooded and may be slowed by cold attacks.


Message History

The killer bee stings your cerulean imp.
Your cerulean imp is poisoned.
The killer bee poisons your cerulean imp!
The killer bee stings your cerulean imp!
Your cerulean imp dies!
Your cerulean imp disappears in a puff of smoke!
Casting: Momentum Strike (safe; 9% risk of failure)
Confirm with . or Enter, or press ? or * to list all spells.
A tiny devil pulls itself out of the air.
You swap places.
Your cerulean imp hits the killer bee but does no damage.
Your cerulean imp barely misses the killer bee.
The killer bee stings your cerulean imp.
Your cerulean imp is poisoned.
The killer bee poisons your cerulean imp!
The killer bee barely misses your cerulean imp.
Your cerulean imp completely misses the killer bee.
The killer bee stings your cerulean imp but does no damage.
The killer bee stings your cerulean imp but does no damage.
Your cerulean imp closely misses the killer bee.
The killer bee stings your cerulean imp.
The killer bee closely misses your cerulean imp.
The killer bee stings your cerulean imp!
Your cerulean imp dies!
Your cerulean imp disappears in a puff of smoke!
The killer bee attacks as it pursues you!
The killer bee completely misses you. The killer bee misses you.
The killer bee attacks as it pursues you!
The killer bee completely misses you.
The killer bee stings you but does no damage.
The killer bee attacks as it pursues you!
The killer bee stings you.
* * * LOW HITPOINT WARNING * * *
The killer bee completely misses you.
There is a stone staircase leading down, spattered with blood here.
Casting: Call Imp (safe; 22% risk of failure)
Confirm with . or Enter, or press ? or * to list all spells.
A tiny devil pulls itself out of the air.
The killer bee stings you.
You die...

..#.#
#######.#
....# #.#
#.###
.#######.#
#.#
.........#
#.# ######..#
#.# #....#
#.# #.#.##
#.# #.#.# #.#
( #@#.# #..
..#######y#.#
#..
......#.5..#
#..
#...........#
#K.#
#..###.#...##
#.....†...##
#..##..####
#.## #.#


You could see a killer bee (ally target) and a friendly cerulean imp (summoned).

Vanquished Creatures
  A scorpion (D:5)
  2 killer bees (D:5)
  A hound (D:5)
  2 iguanas
  Robin (D:2)
  An adder (D:3)
  A gnoll (D:1)
  2 ufetubi (D:5)
  5 dart slugs
  2 ribbon worms (D:2)
  8 orcs
  7 endoplasms
  3 giant cockroaches
  12 goblins
  10 hobgoblins
  A quokka (D:2)
  10 ball pythons
  8 bats
  2 frilled lizards
  3 kobolds
  3 rats
85 creatures vanquished.

Vanquished Creatures (collateral kills)
  A killer bee (D:5)
  An orc (D:4)
  A quokka (D:3)
3 creatures vanquished.

Grand Total: 88 creatures vanquished

Notes
Turn   | Place    | Note
-------+----------+-------------------------------------------
     0 | D:1      | SolCadguy the Draconian Hedge Wizard began the quest for
                  | the Orb.
     0 | D:1      | Reached XP level 1. HP: 14/14 MP: 4/4
    62 | D:1      | Reached skill level 2 in Conjurations
    88 | D:1      | Found Gawesm's Distillery.
   118 | D:1      | Reached XP level 2. HP: 20/20 MP: 4/6
   200 | D:1      | Learned a level 2 spell: Blink
   247 | D:1      | Learned a level 2 spell: Call Imp
   793 | D:1      | Reached skill level 3 in Conjurations
   793 | D:1      | Reached XP level 3. HP: 5/26 MP: 7/7
  1103 | D:2      | Noticed Robin
  1424 | D:2      | Learned a level 2 spell: Momentum Strike
  1735 | D:2      | Found Zofryrph's Jewellery Boutique.
  1766 | D:2      | Reached XP level 4. HP: 31/33 MP: 8/8
  1776 | D:2      | Killed Robin
  1777 | D:2      | Reached skill level 4 in Conjurations
  2375 | D:3      | Found a faded altar of an unknown god.
  2761 | D:4      | Reached skill level 1 in Short Blades
  2761 | D:4      | Reached XP level 5. HP: 38/38 MP: 9/9
  3220 | D:5      | Entered Level 5 of the Dungeon
  3316 | D:5      | Reached skill level 5 in Conjurations
  3339 | D:5      | Found an ancient bone altar of Kikubaaqudgha.
  3450 | D:5      | Reached XP level 6. HP: 45/45 MP: 10/10
  3527 | D:5      | Slain by a killer bee

Illustrated notes

Levels and vault maps discovered:
D:1:      psy_arrival_radial01, layout_basic, serial_shops, shop
D:2:      layout_basic, serial_shops, shop, minmay_tripent, uniq_robin
D:3:      layout_basic, basic_ecumenical_altar
D:4:      layout_basic, serial_shops, nicolae_shop_waterfront,
          uniq_blork_the_orc, uniq_ijyb
D:5:      layout_loops_ring, mainiacjoe_overflow_paths, portal_sewer_entry_f,
          minmay_misc_feat_ornament, corexii_leaking_fountain

Skill      XL: |  1  2  3  4  5  6 |
---------------+-------------------+-----
Conjurations   | 2 3 4 5 |  5.7
Short Blades   | 1 2 3 |  3.5
Dodging        | |  1.7
Stealth        | |  1.7
Spellcasting   | |  3.0
Summonings     | |  1.0
Translocations | |  1.0

Action                     |  1- 3 |  4- 6 || total
---------------------------+-------+-------++-------
  Melee: Dagger            |   104 |    17 ||   121
         Tailslap          |    12 |    12 ||    24
         Punch             |     1 |       ||     1
         Short sword       |       |   107 ||   107
   Cast: Magic Dart        |    50 |    32 ||    82
         Call Imp          |     3 |    12 ||    15
         Momentum Strike   |       |     3 ||     3
    Use: Scroll            |       |     4 ||     4
         Potion            |       |     4 ||     4
   Stab: Sleeping          |     3 |       ||     3
 Armour: Skin              |    49 |    77 ||   126
  Dodge: Dodged            |    82 |   102 ||   184

Table legend: (Time is in decaauts)
 A = Elapsed time spent in this place.
 B = Non-inter-level travel time spent in this place.
 C = Inter-level travel time spent in this place.
 D = Time resting spent in this place.
 E = Time spent auto-exploring this place.
 F = Levels seen in this place.
 G = Mean time per level.
                   A        B        C        D        E       F      G
               +--------+--------+--------+--------+--------+-----+--------+
         Total |   3524 |   3460 |     64 |    397 |   2236 |   5 |  704.8 |
       Dungeon |   3524 |   3460 |     64 |    397 |   2236 |   5 |  704.8 |
               +--------+--------+--------+--------+--------+-----+--------+

Top non-repeatable levels by time:
     D:2: 989 daAuts
     D:1: 944 daAuts
     D:3: 790 daAuts
     D:4: 497 daAuts
     D:5: 301 daAuts
